 Dungeon Crawl Stone Soup version 0.31-a0-177-g4aa6249778 (webtiles) character file.

Game seed: 2708709349975381892

49 qw the Shooter (level 3, 0/32 HPs)
             Began as a Naga Hunter on June 18, 2023.
             Slain by a goblin
             ... wielding a +0 dagger
             ... led by Robin
              (3 damage)
             ... on level 1 of the Dungeon.
             The game lasted 00:00:25 (1061 turns).

qw the Shooter (Naga Hunter)                        Turns: 1061, Time: 00:00:26

Health: 0/32       AC:  2    Str: 13    XL:     3   Next: 77%
Magic:  3/3        EV:  9    Int:  9    God:
Gold:   28         SH:  0    Dex: 16    Spells: 2/2 levels left

rFire   . . .        Y - +0 shortbow
rCold   . . .        (shield currently unavailable)
rNeg    . . .        c - +0 leather armour
rPois   +            (no helmet)
rElec   .            (no cloak)
rCorr   .            (no gloves)
SInv    +            (no barding)
Will    .....        (no amulet)
Stlth   ++           (no ring)
HPRegen 0.25/turn    (no ring)
MPRegen 0.08/turn

%: no passive effects
@: short of breath, very slow
A: AC +1, large, see invisible, deformed body, poison resistance, slowness 2,
spit poison 1, naga tail 1
a: Spit Poison


You were on level 1 of the Dungeon.
You visited 1 branch of the dungeon, and saw 2 of its levels.

You collected 28 gold pieces.


Innate Abilities, Weirdness & Mutations

Your serpentine skin is tough. (AC +1)
You have supernaturally acute eyesight. (SInv)
Armour fits poorly on your strangely shaped body.
Your system is resistant to poisons. (rPois)
You cover ground very slowly.
You can spit poison.
You have a snake-like lower body.


   Skills:
 - Level 2.0 Fighting
 + Level 4.8 Ranged Weapons
 - Level 1.5 Dodging
 - Level 1.5 Stealth


You had 2 spell levels left.
You didn't know any spells.
Your spell library was empty.

Inventory:

Hand Weapons
 Y - a +0 shortbow (weapon)
Armour
 c - a +0 leather armour (worn)
Potions
 d - a potion of enlightenment {unknown}
 g - a potion of might {unknown}
 h - a potion of brilliance {unknown}
 i - a potion of resistance {unknown}

Dungeon Overview and Level Annotations

Branches:
Dungeon (2/15)

Altars:

Annotations:
D:2 Robin


Message History

The goblin hits you with a +0 dagger.
You shoot an arrow. The goblin shouts!
The arrow hits the goblin.
You kill the goblin!
The goblin hits you with a +0 dagger. x2
1054 ||| STAIRDANCE You have got your breath back.
The goblin hits you but does no damage. The hobgoblin barely misses you.
Robin throws the goblin at you! The goblin hits you with a +0 dagger.
You climb upwards.
There is a stone staircase leading down here.
1056 ||| INVOKING Spit Poison.
Aiming: Spit Poison (2% risk of failure)
Press: ? - help, Shift-Dir - straight line, f - goblin The splash of poison hits the goblin.
The goblin is poisoned.
The goblin is severely wounded.
You kill the goblin!
The goblin hits you with a +0 dagger. The hobgoblin hits you.
You shoot an arrow. The arrow hits the hobgoblin.
The hobgoblin is moderately wounded.
The goblin closely misses you. The hobgoblin hits you!
The goblin hits you with a +0 dagger. The hobgoblin hits you.
You shoot an arrow.
The arrow hits the hobgoblin but does no damage.
The hobgoblin is moderately wounded.
The goblin closely misses you. The hobgoblin barely misses you.
You shoot an arrow. The arrow barely misses the hobgoblin.
You have got your breath back.
The goblin barely misses you. The hobgoblin hits you.
1060 ||| INVOKING Spit Poison.
Aiming: Spit Poison (2% risk of failure)
Press: ? - help, Shift-Dir - straight line, f/p - hobgoblin The splash of poison hits the hobgoblin.
The hobgoblin is poisoned.
You kill the hobgoblin!
The goblin completely misses you.
You shoot an arrow. The arrow barely misses the goblin.
The goblin hits you with a +0 dagger.
You die...

#####..#####.# #.
#...........# #.
#...........# #.
#######...........#
#.
..................#
#.
..................#
#.
..%...............#
#.
................g)#
#.
################@##
#. ######### #)# #.
........# #.# #.
........# #.# #.
........# #.# #.
........# #.# #.
........# #.# #.
........# ###.###
#. ........#
#.....# #.


You could see a goblin (strong).

Vanquished Creatures
  2 dart slugs (D:1)
  2 ball pythons (D:1)
  3 bats (D:1)
  2 endoplasms (D:1)
  5 giant cockroaches (D:1)
  8 hobgoblins (D:1)
  2 jackals (D:1)
  4 frilled lizards (D:1)
  6 goblins
  3 kobolds (D:1)
  2 rats (D:1)
39 creatures vanquished.

Notes
Turn   | Place    | Note
-------+----------+-------------------------------------------
     0 | D:1      | qw the Naga Hunter began the quest for the Orb.
     0 | D:1      | Reached XP level 1. HP: 19/19 MP: 1/1
     0 | D:1      | 0 ||| qw: Version: 0.3-a-5-g6f28e65
     0 | D:1      | 0 ||| qw: Game counter: 544
     0 | D:1      | 0 ||| qw: Always use a shield: true
     0 | D:1      | 0 ||| qw: God list: Okawaru
     0 | D:1      | 0 ||| qw: Allow faded altars: false
     0 | D:1      | 0 ||| qw: Do Orc after D:15 true
     0 | D:1      | 0 ||| qw: Do second Lair branch before Depths: true
     0 | D:1      | 0 ||| qw: Lair rune preference: random
     0 | D:1      | 0 ||| qw: Plans: Normal
     0 | D:1      | 0 ||| PLANNING D:1-11
    32 | D:1      | 32 ||| INVOKING Spit Poison.
    36 | D:1      | 36 ||| INVOKING Spit Poison.
    42 | D:1      | 42 ||| INVOKING Spit Poison.
   140 | D:1      | 140 ||| INVOKING Spit Poison.
   146 | D:1      | 146 ||| INVOKING Spit Poison.
   151 | D:1      | Reached skill level 4 in Ranged Weapons
   151 | D:1      | Reached XP level 2. HP: 24/26 MP: 2/2
   167 | D:1      | 167 ||| INVOKING Spit Poison.
   199 | D:1      | 199 ||| INVOKING Spit Poison.
   203 | D:1      | 203 ||| FLEEEEING.
   204 | D:1      | 204 ||| INVOKING Spit Poison.
   218 | D:1      | 218 ||| INVOKING Spit Poison.
   255 | D:1      | 255 ||| FLEEEEING.
   256 | D:1      | 256 ||| FLEEEEING.
   261 | D:1      | 261 ||| INVOKING Spit Poison.
   274 | D:1      | 274 ||| INVOKING Spit Poison.
   291 | D:1      | Reached XP level 3. HP: 32/32 MP: 3/3
   296 | D:1      | 296 ||| INVOKING Spit Poison.
   297 | D:1      | 297 ||| INVOKING Spit Poison.
   303 | D:1      | 303 ||| INVOKING Spit Poison.
   388 | D:1      | 388 ||| INVOKING Spit Poison.
   394 | D:1      | 394 ||| INVOKING Spit Poison.
   397 | D:1      | 397 ||| INVOKING Spit Poison.
   422 | D:1      | 422 ||| INVOKING Spit Poison.
   427 | D:1      | 427 ||| INVOKING Spit Poison.
   428 | D:1      | 428 ||| INVOKING Spit Poison.
   434 | D:1      | 434 ||| INVOKING Spit Poison.
   438 | D:1      | 438 ||| INVOKING Spit Poison.
   675 | D:1      | 675 ||| INVOKING Spit Poison.
   797 | D:1      | 797 ||| INVOKING Spit Poison.
   880 | D:1      | 880 ||| READING scroll labelled IDENNA TAVEYHY.
   881 | D:1      | 881 ||| READING scroll labelled REFADE WOPAU.
   882 | D:1      | 882 ||| READING scroll labelled USUYCU OHOAGIR.
   983 | D:1      | 983 ||| READING scroll labelled QUEZ MUYLEITZ.
   984 | D:1      | 984 ||| DROPPING scroll of butterflies.
  1048 | D:2      | Noticed Robin
  1049 | D:2      | 1049 ||| INVOKING Spit Poison.
  1054 | D:2      | 1054 ||| STAIRDANCE
  1056 | D:1      | 1056 ||| INVOKING Spit Poison.
  1057 | D:1      | HP: 6/32 [hobgoblin[Robin] (7)]
  1057 | D:1      | HP: 2/32 [hobgoblin[Robin] (3)]
  1060 | D:1      | 1060 ||| INVOKING Spit Poison.
  1061 | D:1      | Slain by a goblin

Levels and vault maps discovered:
D:1:      evilmike_arrival_grusome_pit, layout_basic
D:2:      layout_loops_ring, serial_glass, glass_columns_b, glass_columns_c,
          glass_columns_a, glass_columns_a, glass_columns_a, glass_columns_c,
          glass_columns_a, glass_columns_a, uniq_robin

Skill      XL: |  1 |
---------------+----+-----
Ranged Weapons | 4 |  4.8
Fighting       | |  2.0
Dodging        | |  1.5
Stealth        | |  1.5

Action                     || total
---------------------------++-------
   Fire: Shortbow          ||    89
Ability: Spit Poison       ||    25
    Use: Scroll            ||     4
 Armour: Leather armour    ||    13
  Dodge: Dodged            ||    30

Table legend:
 A = Non-vault XP
 B = Vault XP
 C = Vault XP percentage of total XP
 D = Non-vault monster count
 E = Vault monster count
 F = Vault count percentage of total count
                 A         B        C        D         E       F
            +---------+---------+-------+---------+---------+-------
      Total |      63 |       8 |  11.3 |      35 |       4 |  10.3
            +---------+---------+-------+---------+---------+-------
        D:1 |      63 |       4 |   6.0 |      35 |       2 |   5.4
        D:2 |       0 |       4 | 100.0 |       0 |       2 | 100.0
            +---------+---------+-------+---------+---------+-------
